[Event "Titled Tuesday Blitz May 23 Late 2023"]
[White "Eugene, Floryan"]
[Black "Chakravarthi Reddy, M"]
[WhiteFideId "20694784"]
[BlackFideId "25009532"]
[WhiteElo "2369"]
[BlackElo "2201"]
[Result "1-0"]
[Round "01"]
[TimeControl "180+2"]
[Date "2023.05.23"]
[WhiteClock "0:00:15"]
[BlackClock "0:00:14"]

1. d4 d5 2. c4 c6 3. Nf3 Nf6 4. e3 e6 5. Nbd2 Nbd7 6. b3 c5 7. Bb2 cxd4 8. exd4 dxc4 9. bxc4 Bb4 10. Bd3 O-O 11. O-O b6 12. Qe2 Bb7 13. Ne5 Bxd2 14. Qxd2 Nxe5 15. dxe5 Ne4 16. Qe2 Nc5 17. Bc2 Qg5 18. f4 Qe7 19. Rae1 Rad8 20. Bc3 Rd7 21. Qg4 g6 22. Re3 Rc8 23. h4 h5 24. Qg3 Rcd8 25. f5 exf5 26. Bxf5 Rc7 27. e6 Kh7 28. exf7 Qxf7 29. Bc2 Qg8 30. Rf6 Rc6 31. Qg5 Rxf6 32. Bxf6 Rf8 33. Qxh5# 1-0


[Site "https://www.chess.com"]

[Event "Titled Tuesday Blitz May 23 Late 2023"]
[White "Kiselev, Pavel"]
[Black "Adewumi, Tanitoluwa"]
[WhiteFideId "4191102"]
[BlackFideId "30966396"]
[WhiteElo "2145"]
[BlackElo "2568"]
[Result "0-1"]
[Round "01"]
[TimeControl "180+2"]
[Date "2023.05.23"]
[WhiteClock "0:00:02"]
[BlackClock "0:00:04"]

1. Nf3 d5 2. c4 d4 3. d3 Nc6 4. g3 e5 5. Bg2 a5 6. O-O Nf6 7. Nbd2 Bc5 8. Ng5 O-O 9. Nge4 Nxe4 10. Nxe4 Be7 11. e3 Be6 12. exd4 Nxd4 13. Be3 f5 14. Nc3 c6 15. Ne2 Bc5 16. Re1 Re8 17. Qd2 Bb4 18. Nc3 Qd6 19. Rad1 Rad8 20. a3 Bc5 21. Na4 Nb3 22. Qc3 Bxe3 23. fxe3 Nc5 24. Nxc5 Qxc5 25. b4 axb4 26. axb4 Qd6 27. d4 e4 28. Bf1 Bf7 29. d5 cxd5 30. cxd5 Rc8 31. Qd4 Rc2 32. Re2 Rec8 33. Red2 Bh5 34. Rxc2 Rxc2 35. Ra1 h6 36. Ra8+ Kh7 37. Ra7 Qd7 38. d6 Bf3 39. Qd5 Rc6 40. Bb5 Rxd6 41. Bxd7 Rxd5 42. Rxb7 Rd1+ 43. Kf2 Rd2+ 44. Kg1 Rg2+ 45. Kf1 Rxh2 46. b5 Rh1+ 47. Kf2 Rb1 48. b6 Kg6 49. Rb8 Kg5 50. Bc6 Kg4 51. Rb7 Rb2+ 52. Kf1 g5 53. Be8 Kxg3 54. Rc7 Rb1+ 55. Rc1 Rxc1# 0-1


[Site "https://www.chess.com"]

[Event "Titled Tuesday Blitz May 23 Late 2023"]
[White "ArtemDyachuk"]
[Black "Palacio,Igor Da Paz"]
[BlackFideId "2121140"]
[WhiteElo "2567"]
[BlackElo "2126"]
[Result "1-0"]
[Round "01"]
[TimeControl "180+2"]
[Date "2023.05.23"]
[WhiteClock "0:02:07"]
[BlackClock "0:00:00"]

1. e4 d6 2. d4 Nf6 3. Nc3 g6 4. Nf3 Bg7 5. Bc4 O-O 6. O-O c6 7. Re1 d5 8. Bb3 dxe4 9. Nxe4 Nxe4 10. Rxe4 Nd7 11. Bg5 Nf6 12. Re1 e6 13. Ne5 Qc7 14. Qf3 Nd7 15. Nxf7 Rxf7 16. Rxe6 Nf8 17. Re7 1-0


[Site "https://www.chess.com"]

[Event "Titled Tuesday Blitz May 23 Late 2023"]
[White "Arias Igual, Alejandro"]
[Black "Keleberda, Tymur"]
[WhiteFideId "2254905"]
[BlackFideId "14174294"]
[WhiteElo "2179"]
[BlackElo "2198"]
[Result "0-1"]
[Round "01"]
[TimeControl "180+2"]
[Date "2023.05.23"]
[WhiteClock "0:00:00"]
[BlackClock "0:00:15"]

1. e4 c5 2. Nf3 d6 3. Bb5+ Nd7 4. a4 a6 5. Be2 g6 6. Nc3 Bg7 7. O-O b6 8. d3 Ngf6 9. h3 Bb7 10. Be3 O-O 11. Re1 e5 12. Qd2 d5 13. exd5 Nxd5 14. Bh6 Nxc3 15. bxc3 Qc7 16. Bxg7 Kxg7 17. Rab1 Rad8 18. Qe3 h6 19. Nd2 Rfe8 20. Bf3 e4 21. dxe4 Ne5 22. Be2 Qd7 23. Rxb6 Re7 24. Nf3 Qxa4 25. Qxc5 Nxf3+ 26. Bxf3 Rdd7 27. Rb3 Qa2 28. Bg4 f5 29. exf5 Rxe1+ 30. Kh2 Rde7 31. Qd4+ Kg8 32. fxg6 Qxc2 33. Rxb7 Rxb7 34. Qd5+ Kg7 35. Qxb7+ Kxg6 36. Qc6+ Kg7 37. Qd7+ Kf6 38. Qd4+ Kg6 39. Qd6+ Kf7 40. Qf4+ Kg7 41. Qd4+ Kf8 42. Qd8+ Kf7 43. Qd5+ Ke8 44. Bh5+ Ke7 45. Qc5+ Kf6 46. Qd4+ Ke7 47. Qc5+ Kd7 48. Bg4+ Ke8 49. Qc6+ Kf7 50. Qxh6 Qxf2 51. Qh5+ Ke7 52. Qg5+ Kd6 53. Qg6+ Kc5 54. Qg5+ Kb6 55. Qg6+ Ka5 56. Qd3 Qg1+ 57. Kg3 Re3+ 0-1


[Site "https://www.chess.com"]

[Event "Titled Tuesday Blitz May 23 Late 2023"]
[White "Erzhanov, Arman"]
[Black "Djabri,Massinas"]
[WhiteFideId "4138821"]
[BlackFideId "7905726"]
[WhiteElo "2138"]
[BlackElo "2194"]
[Result "0-1"]
[Round "01"]
[TimeControl "180+2"]
[Date "2023.05.23"]
[WhiteClock "0:00:29"]
[BlackClock "0:01:08"]

1. e4 c5 2. Nf3 d6 3. Bb5+ Bd7 4. Bxd7+ Qxd7 5. O-O Nc6 6. c3 Nf6 7. Re1 e6 8. d4 cxd4 9. cxd4 d5 10. e5 Ne4 11. Nbd2 Nxd2 12. Bxd2 Bb4 13. Rc1 Bxd2 14. Qxd2 O-O 15. Rc3 Qe7 16. a3 h6 17. b4 a6 18. h3 Rac8 19. Rec1 Na7 20. Rc5 b6 21. Rxc8 Rxc8 22. Rxc8+ Nxc8 23. Qc3 Qd7 24. Kf1 b5 25. Qc5 Qb7 26. Nd2 Nb6 27. Nb3 Nc4 28. Na5 Qd7 29. Nxc4 bxc4 30. Qa5 Qb5 31. Qd8+ Kh7 32. Qc7 c3+ 33. Ke1 Qd3 34. Qxf7 Qd2+ 35. Kf1 Qd1# 0-1


[Site "https://www.chess.com"]

[Event "Titled Tuesday Blitz May 23 Late 2023"]
[White "Chyngyz, Sultai"]
[Black "Mortazavi, Ali"]
[WhiteFideId "13803158"]
[BlackFideId "401323"]
[WhiteElo "1408"]
[BlackElo "2339"]
[Result "0-1"]
[Round "01"]
[TimeControl "180+2"]
[Date "2023.05.23"]
[WhiteClock "0:01:57"]
[BlackClock "0:01:31"]

1. e4 c6 2. Nf3 d5 3. Nc3 dxe4 4. Nxe4 Nf6 5. Qe2 Be6 6. d3 Qc7 7. g3 Nbd7 8. Bg2 g6 9. O-O Nxe4 10. dxe4 Bg7 11. c3 Ne5 12. Nxe5 Qxe5 13. f4 Qc5+ 14. Be3 Qc4 15. Qf2 Qa6 16. Rfe1 O-O 17. f5 Bc4 18. Bc5 Rfe8 19. e5 gxf5 20. Qxf5 Qb5 21. b4 Bd3 22. Qf6 exf6 0-1


[Site "https://www.chess.com"]

[Event "Titled Tuesday Blitz May 23 Late 2023"]
[White "Ibadov, Dashgyn"]
[Black "Thiel, Thomas"]
[WhiteFideId "24107514"]
[BlackFideId "4615964"]
[WhiteElo "2208"]
[BlackElo "2229"]
[Result "1-0"]
[Round "01"]
[TimeControl "180+2"]
[Date "2023.05.23"]
[WhiteClock "0:00:47"]
[BlackClock "0:01:13"]

1. e4 d5 2. exd5 Nf6 3. d4 Nxd5 4. c4 Nb6 5. c5 Nd5 6. Nc3 g6 7. Bc4 Nxc3 8. bxc3 Bg7 9. Nf3 O-O 10. O-O Nc6 11. Bg5 Na5 12. Bd3 b6 13. cxb6 axb6 14. Re1 Re8 15. h4 Bg4 16. Be4 Rc8 17. Qc2 c5 18. Ne5 Bxe5 19. dxe5 Nc4 20. f3 Be6 21. Rad1 Qc7 22. f4 Bg4 23. Rd3 Rcd8 24. Rg3 Rd2 25. Qa4 Bd7 26. Qxc4 1-0


[Site "https://www.chess.com"]

[Event "Titled Tuesday Blitz May 23 Late 2023"]
[White "Parizek, Vojtech"]
[Black "Wadsworth, Matthew J"]
[WhiteFideId "360996"]
[BlackFideId "415804"]
[WhiteElo "2115"]
[BlackElo "2347"]
[Result "0-1"]
[Round "01"]
[TimeControl "180+2"]
[Date "2023.05.23"]
[WhiteClock "0:00:03"]
[BlackClock "0:00:21"]

1. e4 e6 2. d4 d5 3. Nc3 Nf6 4. e5 Nfd7 5. f4 c5 6. Nf3 Nc6 7. Be3 Qb6 8. Na4 Qa5+ 9. c3 b6 10. a3 c4 11. b4 cxb3 12. Qxb3 Ba6 13. Nb2 Bxf1 14. Rxf1 Qa6 15. Kf2 Na5 16. Qa2 g6 17. Rfc1 Rc8 18. Nd2 f6 19. c4 dxc4 20. Nbxc4 Nxc4 21. Nxc4 fxe5 22. fxe5 Be7 23. Kg1 O-O 24. Nd6 Rxc1+ 25. Rxc1 Bxd6 26. Qxe6+ Rf7 27. Qxd6 Qe2 28. Rc8+ Kg7 29. h4 Qxe3+ 30. Kh1 Rf1+ 31. Kh2 Qf4+ 32. g3 Qf2+ 33. Kh3 Rh1+ 34. Kg4 Qf5# 0-1


[Site "https://www.chess.com"]

[Event "Titled Tuesday Blitz May 23 Late 2023"]
[White "Chylewski, Patryk"]
[Black "Coelho, Ramyres Santana"]
[WhiteFideId "1186191"]
[BlackFideId "2120690"]
[WhiteElo "2163"]
[BlackElo "1888"]
[Result "1-0"]
[Round "01"]
[TimeControl "180+2"]
[Date "2023.05.23"]
[WhiteClock "0:02:22"]
[BlackClock "0:01:58"]

1. e4 c5 2. Nf3 d6 3. c3 Nc6 4. d4 cxd4 5. cxd4 Bg4 6. d5 Ne5 7. Nxe5 Bxd1 8. Bb5+ Qd7 9. Bxd7+ Kd8 10. Nxf7+ Kxd7 11. Kxd1 Nf6 12. Nxh8 Nxe4 13. Be3 g6 14. Bd4 Bg7 15. Bxg7 Nxf2+ 16. Ke2 Nxh1 17. Nc3 Rg8 18. Bd4 e5 19. dxe6+ Kxe6 20. Rxh1 1-0


[Site "https://www.chess.com"]

[Event "Titled Tuesday Blitz May 23 Late 2023"]
[White "Almedina Ortiz, Edgardo J."]
[Black "Danielyan, Vahe"]
[WhiteFideId "3100197"]
[BlackFideId "13304828"]
[WhiteElo "2217"]
[BlackElo "2423"]
[Result "0-1"]
[Round "01"]
[TimeControl "180+2"]
[Date "2023.05.23"]
[WhiteClock "0:00:00"]
[BlackClock "0:00:32"]

1. d4 Nf6 2. c4 g6 3. Nc3 d5 4. Nf3 Bg7 5. Qb3 dxc4 6. Qxc4 O-O 7. e4 Nbd7 8. Be2 Nb6 9. Qb3 Bg4 10. Be3 a5 11. a4 h5 12. h3 Bxf3 13. Bxf3 e6 14. O-O Qd7 15. Rfd1 Rfd8 16. d5 exd5 17. exd5 Nc8 18. Qxb7 Nd6 19. Qc6 Qe7 20. Nb5 Rac8 21. Bc5 Nfe4 22. Re1 f5 23. Re2 Kh7 24. Rae1 Qf6 25. Bd4 Qf7 26. Bxg7 Qxg7 27. b3 h4 28. Bxe4 Nxe4 29. Na3 Rd6 30. Qc2 Rcd8 31. Nc4 Rxd5 32. Ne3 Rc5 33. Qb2 Nc3 34. Rc2 Rd3 35. Nc4 Rcd5 0-1


[Site "https://www.chess.com"]

[Event "Titled Tuesday Blitz May 23 Late 2023"]
[White "FoxOnTheRun97"]
[Black "Ward, Ieuan C"]
[BlackFideId "406627"]
[WhiteElo "2558"]
[BlackElo "2214"]
[Result "1-0"]
[Round "01"]
[TimeControl "180+2"]
[Date "2023.05.23"]
[WhiteClock "0:00:07"]
[BlackClock "0:00:00"]

1. d4 Nf6 2. Bg5 d5 3. Bxf6 exf6 4. e3 Bd6 5. g3 O-O 6. Bg2 c6 7. Ne2 Bg4 8. O-O Nd7 9. Qd3 Bxe2 10. Qxe2 f5 11. c4 dxc4 12. Qxc4 Rc8 13. Nc3 Nf6 14. Rac1 Qa5 15. a3 g6 16. Qa4 Qxa4 17. Nxa4 Ne4 18. Rfd1 Be7 19. Nc3 Nxc3 20. Rxc3 Rfd8 21. Rdc1 Bf6 22. b4 a6 23. Rc4 Rb8 24. Bf3 Kf8 25. a4 Be7 26. Rb1 Rbc8 27. b5 axb5 28. axb5 cxb5 29. Rxc8 Rxc8 30. Rxb5 Rc7 31. Bxb7 Ba3 32. Kg2 Ke7 33. h4 Bd6 34. Bd5 h5 35. Rb2 Ba3 36. Ra2 Bd6 37. Kf3 Bb4 38. Ke2 Bd6 39. Kd3 Bb4 40. Bc4 Bd6 41. Ra4 Rb7 42. Ra2 Kf6 43. Bd5 Rd7 44. Bc6 Rc7 45. Ra6 Ke7 46. Kc4 Rc8 47. Kd5 Rc7 48. Ra8 Bb4 49. Re8+ Kf6 50. Rb8 Be1 51. Rb2 Bc3 52. Rc2 Be1 53. Re2 Bc3 54. f3 Re7 55. e4 fxe4 56. fxe4 Rc7 57. e5+ Ke7 58. Rf2 Bb4 59. Rc2 Be1 60. Kc5 Bxg3 61. Re2 Bxh4 62. d5 Ra7 63. d6+ Kd8 64. Rb2 Ra5+ 65. Kd4 Kc8 66. Bd5 Ra7 67. Rc2+ Kd8 68. Ke4 Ra4+ 69. Kf3 Ra5 70. Ke4 Ra4+ 71. Kd3 Ra3+ 72. Kc4 Ra4+ 73. Kb5 Rd4 74. Kc6 Rxd5 75. Kxd5 f6 76. e6 Bg3 77. Kc6 Bxd6 78. Kxd6 Ke8 79. e7 1-0


[Site "https://www.chess.com"]

[Event "Titled Tuesday Blitz May 23 Late 2023"]
[White "Kovacevic, Radmila"]
[Black "Martinez Reyes, Pedro Ramon"]
[WhiteFideId "933171"]
[BlackFideId "3901807"]
[WhiteElo "2194"]
[BlackElo "2340"]
[Result "0-1"]
[Round "01"]
[TimeControl "180+2"]
[Date "2023.05.23"]
[WhiteClock "0:00:06"]
[BlackClock "0:00:47"]

1. e4 c5 2. Nf3 Nc6 3. d4 cxd4 4. c3 d5 5. exd5 Qxd5 6. cxd4 e5 7. Nc3 Bb4 8. Bd2 Bxc3 9. bxc3 exd4 10. cxd4 Nf6 11. Qe2+ Be6 12. Qb5 O-O 13. Be3 Rfe8 14. Rc1 Qxb5 15. Bxb5 Bxa2 16. Rxc6 bxc6 17. Bxc6 Rab8 18. Bxe8 Rb1+ 19. Kd2 Rxh1 20. Bc6 Bd5 21. Ba4 Ne4+ 22. Kd3 Nd6 23. Bf4 Ra1 24. Bd7 Ra3+ 25. Kc2 Ne4 26. Be3 Nxf2 27. Bc1 Ra2+ 28. Kb1 Re2 29. Bb5 Be4+ 30. Ka1 Nd3 31. d5 Nxc1 32. Bxe2 Nxe2 33. d6 Kf8 34. Ne5 Ke8 35. g3 Bf5 36. Kb2 f6 37. Nc4 Kd7 38. Ka3 Be6 39. Ne3 Kxd6 40. Ka4 Nd4 41. Ka5 Ke5 42. Ng2 g5 43. Ne1 Ke4 44. Ka6 Ke3 45. Kxa7 Kf2 46. Nd3+ Kg2 47. Nc5 Kxh2 48. Kb6 Kxg3 49. Kc7 h5 50. Kd6 Ba2 51. Ke7 h4 52. Kxf6 g4 53. Ne4+ Kg2 54. Kg5 h3 55. Kxg4 h2 56. Ng3 Be6+ 57. Kh4 Nf3+ 58. Kh5 Kxg3 0-1


[Site "https://www.chess.com"]

[Event "Titled Tuesday Blitz May 23 Late 2023"]
[White "Melian, Juan Sebastian"]
[Black "Quirke, Jeffrey"]
[WhiteFideId "3706575"]
[BlackFideId "2013029"]
[WhiteElo "2092"]
[BlackElo "2210"]
[Result "1/2-1/2"]
[Round "01"]
[TimeControl "180+2"]
[Date "2023.05.23"]
[WhiteClock "0:00:06"]
[BlackClock "0:00:09"]

1. e4 Nf6 2. Nc3 d5 3. exd5 Nxd5 4. Nf3 Bg4 5. Bc4 c6 6. h3 Bh5 7. d4 e6 8. Bd2 Nd7 9. Qe2 Be7 10. a3 O-O 11. Ne4 Bxf3 12. Qxf3 N7f6 13. Ng3 b5 14. Bd3 a6 15. O-O Qc7 16. h4 c5 17. dxc5 Bxc5 18. h5 h6 19. Rae1 Rfe8 20. Ne4 Be7 21. Nxf6+ Nxf6 22. Bc3 Rad8 23. Bxf6 Bxf6 24. Qe4 Rd4 25. Qh7+ Kf8 26. Re2 Rh4 27. g3 Rxh5 28. Rfe1 Rg5 29. a4 Rxg3+ 30. fxg3 Qxg3+ 31. Kh1 Qh3+ 32. Rh2 Qf3+ 33. Rg2 Qh3+ 34. Rh2 Qf3+ 35. Rg2 Qh3+ 36. Rh2 1/2-1/2


[Site "https://www.chess.com"]

[Event "Titled Tuesday Blitz May 23 Late 2023"]
[White "Cardozo Munar, Carlos Eduardo"]
[Black "Khandelwal, Ankush"]
[WhiteFideId "4409477"]
[BlackFideId "413470"]
[WhiteElo "2067"]
[BlackElo "2263"]
[Result "0-1"]
[Round "01"]
[TimeControl "180+2"]
[Date "2023.05.23"]
[WhiteClock "0:00:22"]
[BlackClock "0:00:21"]

1. e4 c5 2. Nf3 d6 3. Nc3 Nf6 4. Bc4 a6 5. a4 Nc6 6. O-O g6 7. Re1 Bg7 8. Nd5 O-O 9. h3 Rb8 10. c3 b5 11. Nxf6+ Bxf6 12. Bd5 Bb7 13. axb5 axb5 14. d4 c4 15. e5 dxe5 16. dxe5 Nxe5 17. Bxb7 Qxd1 18. Rxd1 Rxb7 19. Nxe5 Bxe5 20. Bh6 Rfb8 21. Rd5 f6 22. Rad1 g5 23. Rd8+ Kf7 24. h4 gxh4 25. Kf1 Rxd8 26. Rxd8 b4 27. Rc8 bxc3 28. bxc3 Rc7 29. Rh8 f5 30. Bd2 Bxh8 31. Ke2 Rd7 32. Be1 Rd3 33. f3 Bxc3 34. Bxh4 Bf6 35. Bf2 Ra3 36. Bc5 Ra2+ 37. Kf1 c3 0-1


[Site "https://www.chess.com"]

[Event "Titled Tuesday Blitz May 23 Late 2023"]
[White "gueraumasague"]
[Black "Antonova, Nadezhda"]
[BlackFideId "14700182"]
[WhiteElo "2554"]
[BlackElo "1799"]
[Result "1-0"]
[Round "01"]
[TimeControl "180+2"]
[Date "2023.05.23"]
[WhiteClock "0:00:51"]
[BlackClock "0:00:34"]

1. e4 c5 2. Nc3 Nc6 3. Bb5 Nd4 4. Nf3 Nxb5 5. Nxb5 a6 6. Nc3 d6 7. d4 cxd4 8. Nxd4 Nf6 9. O-O e5 10. Nb3 h6 11. h3 Be7 12. Be3 O-O 13. Qd2 Be6 14. Rfd1 Rc8 15. a3 b5 16. Qd3 Qc7 17. Rac1 Qc4 18. Qxc4 Rxc4 19. f3 Rfc8 20. Bd2 d5 21. exd5 Nxd5 22. Na5 R4c7 23. Nxd5 Bxd5 24. Bb4 Bxb4 25. axb4 Be6 26. c3 f6 27. Rd6 Bf7 28. Rcd1 Ra7 29. Kf2 Kh7 30. Ke3 Rcc7 31. Rb6 Rc8 32. Rdd6 Rca8 33. Rb7 Kg6 34. Rdd7 Rxb7 35. Nxb7 Bc4 36. h4 h5 37. Na5 Bf7 38. Nc6 Rc8 39. Ne7+ 1-0


[Site "https://www.chess.com"]

[Event "Titled Tuesday Blitz May 23 Late 2023"]
[White "Sariego Figueredo, Wilfredo"]
[Black "Potapova, Margarita"]
[WhiteFideId "3500080"]
[BlackFideId "14126869"]
[WhiteElo "2309"]
[BlackElo "2244"]
[Result "0-1"]
[Round "01"]
[TimeControl "180+2"]
[Date "2023.05.23"]
[WhiteClock "0:00:04"]
[BlackClock "0:00:31"]

1. d4 Nf6 2. Bf4 g6 3. Nc3 Bg7 4. e4 d5 5. e5 Ne4 6. Nxe4 dxe4 7. c3 O-O 8. Bc4 c5 9. Ne2 cxd4 10. Qxd4 Qc7 11. Rd1 Bf5 12. e6 Qa5 13. exf7+ Kh8 14. Qd5 Qb6 15. Be5 Nc6 16. Bxg7+ Kxg7 17. Ng3 e6 18. Nxf5+ exf5 19. Qb5 Qxb5 20. Bxb5 Rxf7 21. O-O Ne5 22. Rd5 Re7 23. Rfd1 a6 24. Be2 Rc8 25. R1d4 Nc6 26. Rd1 Rcc7 27. a3 h6 28. f3 e3 29. R1d3 f4 30. g3 g5 31. Kg2 Ne5 32. R3d4 Ng6 33. gxf4 Nxf4+ 34. Rxf4 gxf4 35. Kf1 Rcd7 36. Rd4 Rxd4 37. cxd4 Rd7 38. Bc4 Rxd4 39. Be6 Rd2 40. Ke1 Rxh2 41. Bg4 Rxb2 42. a4 a5 0-1


[Site "https://www.chess.com"]

[Event "Titled Tuesday Blitz May 23 Late 2023"]
[White "ATM622"]
[Black "Chlpik, Martin"]
[BlackFideId "14923351"]
[WhiteElo "2552"]
[BlackElo "2109"]
[Result "1-0"]
[Round "01"]
[TimeControl "180+2"]
[Date "2023.05.23"]
[WhiteClock "0:01:18"]
[BlackClock "0:00:00"]

1. d4 Nf6 2. c4 e6 3. g3 c5 4. d5 exd5 5. cxd5 d6 6. Bg2 g6 7. Nf3 Bg7 8. O-O O-O 9. Nc3 a6 10. a4 Re8 11. a5 Nbd7 12. Bf4 Qe7 13. Nd2 Nh5 14. Be3 Ne5 15. Qc2 Ng4 16. Nc4 Bf5 17. Qb3 Bd4 18. Bxd4 cxd4 19. Na4 Qxe2 20. Nxd6 Bc2 21. Qxb7 Qe7 22. Qxe7 Rxe7 23. h3 Ne5 24. Ne4 Nc4 25. d6 Rxe4 26. Bxe4 Bxe4 27. Rfd1 d3 28. Nc5 Nxd6 29. Nxe4 Nxe4 30. Rxd3 Rb8 31. Rd4 f5 32. b4 Nhf6 33. Rc1 Rb5 34. Kg2 Nd5 35. Rc6 Nxb4 36. Rb6 Rxb6 37. axb6 Nc5 38. Rxb4 1-0


[Site "https://www.chess.com"]

[Event "Titled Tuesday Blitz May 23 Late 2023"]
[White "Prithu Gupta"]
[Black "Filipascu"]
[WhiteFideId "46618546"]
[WhiteElo "2344"]
[BlackElo "2552"]
[Result "0-1"]
[Round "01"]
[TimeControl "180+2"]
[Date "2023.05.23"]
[WhiteClock "0:00:00"]
[BlackClock "0:00:05"]

1. c4 e5 2. Nc3 Nf6 3. Nf3 Nc6 4. e4 Bb4 5. d3 a5 6. Be2 h6 7. O-O O-O 8. Nd5 d6 9. b3 Bc5 10. Bb2 Be6 11. a3 Bxd5 12. cxd5 Ne7 13. Qc2 Ng6 14. g3 Re8 15. Kg2 Qd7 16. h3 Nh5 17. Ng1 Nf6 18. h4 Rac8 19. Qd2 Bb6 20. Nh3 c6 21. dxc6 bxc6 22. f4 Nh7 23. h5 Ngf8 24. Qd1 Rcd8 25. Bg4 Qb7 26. Qc2 Bd4 27. Bxd4 exd4 28. Ng1 c5 29. Rab1 Nf6 30. Be2 Ne6 31. Bf3 Qb8 32. Nh3 Rc8 33. Nf2 Rc7 34. Nd1 Rb7 35. Nb2 Rxb3 36. Nc4 a4 37. Nd2 Rxb1 38. Rxb1 Qc7 39. Qxa4 Rd8 40. Nc4 d5 41. exd5 Nxd5 42. Bxd5 Rxd5 43. Qe8+ Kh7 44. Rb8 Rd8 45. Rxd8 Nxd8 46. Qe4+ Kg8 47. a4 Ne6 48. a5 Qc8 49. Qd5 Qa6 50. Kf3 Qb5 51. Qe5 Qb3 52. Qe2 Qb1 53. g4 Qh1+ 54. Kg3 Qg1+ 55. Qg2 Qe1+ 56. Qf2 Qc3 57. Qe2 Qc1 58. f5 Qf4+ 59. Kg2 Ng5 60. a6 Qb8 61. Qa2 Qa8+ 62. Kg1 Qf3 63. a7 Qxg4+ 64. Kf1 Qd1+ 65. Kf2 Qf3+ 66. Kg1 Qg3+ 67. Qg2 Qe1+ 68. Kh2 Qh4+ 69. Kg1 Qe1+ 70. Qf1 Qg3+ 71. Qg2 Nf3+ 0-1


[Site "https://www.chess.com"]

[Event "Titled Tuesday Blitz May 23 Late 2023"]
[White "Spata, German"]
[Black "Cueto, Jonny"]
[WhiteFideId "113026"]
[BlackFideId "3300145"]
[WhiteElo "2260"]
[BlackElo "2211"]
[Result "1-0"]
[Round "01"]
[TimeControl "180+2"]
[Date "2023.05.23"]
[WhiteClock "0:00:12"]
[BlackClock "0:00:37"]

1. Nf3 e6 2. e3 b6 3. c4 Bb7 4. b3 Nf6 5. Bb2 Be7 6. Be2 O-O 7. O-O d6 8. d4 Nbd7 9. Nc3 Re8 10. Qc2 a6 11. Rac1 e5 12. dxe5 Nxe5 13. Nxe5 dxe5 14. Rfd1 Bd6 15. Nd5 Nxd5 16. cxd5 Bc8 17. e4 Qg5 18. Bc3 f5 19. Bd2 f4 20. Kh1 Rf8 21. f3 Rf6 22. Qc6 Rb8 23. g3 Rh6 24. Qe8+ Bf8 25. Rg1 Ra8 26. gxf4 Qh4 27. Rxg7+ Kxg7 28. Rxc7+ Kg8 29. Qf7+ Kh8 30. Qxf8# 1-0


[Site "https://www.chess.com"]

[Event "Titled Tuesday Blitz May 23 Late 2023"]
[White "Brown, Raehanna"]
[Black "Manukyan, Artyom"]
[WhiteFideId "7402740"]
[BlackFideId "13305786"]
[WhiteElo "1655"]
[BlackElo "2078"]
[Result "0-1"]
[Round "01"]
[TimeControl "180+2"]
[Date "2023.05.23"]
[WhiteClock "0:00:26"]
[BlackClock "0:01:29"]

1. c4 e6 2. Nc3 f5 3. g3 Nf6 4. Bg2 d5 5. cxd5 exd5 6. d4 c6 7. Nf3 Bd6 8. Ne5 O-O 9. f4 Ne4 10. O-O Be6 11. Qb3 Qb6 12. Be3 Nd7 13. Nxd7 Bxd7 14. Nxe4 fxe4 15. Qc3 Rae8 16. a3 a5 17. Rab1 a4 18. b4 axb3 19. Rxb3 Qa6 20. Kf2 b5 21. Kg1 b4 22. axb4 Qxe2 23. Re1 Qb5 24. Bf1 Qb6 25. Rc1 h5 26. Qb2 h4 27. b5 cxb5 28. Bxb5 Rb8 29. Ba4 Qa7 30. Bxd7 Qxd7 31. Rb1 hxg3 32. hxg3 Qg4 33. Qg2 Rxb3 34. Rxb3 Qd1+ 35. Kh2 Qxb3 36. Qf2 Rc8 0-1


[Site "https://www.chess.com"]

[Event "Titled Tuesday Blitz May 23 Late 2023"]
[White "Bartel, Michal"]
[Black "kiwibobo"]
[WhiteFideId "1119257"]
[WhiteElo "2282"]
[BlackElo "2170"]
[Result "1-0"]
[Round "01"]
[TimeControl "180+2"]
[Date "2023.05.23"]
[WhiteClock "0:01:25"]
[BlackClock "0:00:06"]

1. e4 e5 2. Nc3 Nf6 3. g3 Nc6 4. Bg2 Bc5 5. Nge2 O-O 6. O-O a5 7. d3 d6 8. h3 h6 9. Kh2 a4 10. a3 Be6 11. f4 exf4 12. d4 fxg3+ 13. Kxg3 Nxd4 14. Nxd4 Bd7 15. Be3 Qe7 16. Qd2 Qe5+ 17. Kf2 Nh5 18. Kg1 Ng3 19. Rf4 c6 20. Nde2 Nh5 21. Rf2 Bxe3 22. Qxe3 d5 23. Qd4 Qg5 24. Qd3 dxe4 25. Nxe4 Qg6 26. Qxd7 Rad8 27. Qg4 Qxg4 28. hxg4 Nf6 29. Nxf6+ gxf6 30. Ng3 Kg7 31. Nf5+ Kg6 32. Raf1 Kg5 33. Ne3 h5 34. Rf5+ Kg6 35. gxh5+ Kg7 36. Rxf6 Rh8 37. h6+ Rxh6 38. Rxh6 Kxh6 39. Rxf7 Rd2 40. Rxb7 Re2 41. Nf5+ Kg5 42. Nd4 Rd2 43. Nf3+ 1-0


[Site "https://www.chess.com"]

[Event "Titled Tuesday Blitz May 23 Late 2023"]
[White "Marin Masis, Jose Esteban"]
[Black "Toncheva, Nadya"]
[WhiteFideId "6508146"]
[BlackFideId "2924056"]
[WhiteElo "1838"]
[BlackElo "2101"]
[Result "0-1"]
[Round "01"]
[TimeControl "180+2"]
[Date "2023.05.23"]
[WhiteClock "0:00:00"]
[BlackClock "0:00:18"]

1. e4 c5 2. Nf3 Nc6 3. d4 cxd4 4. Nxd4 g6 5. c4 Bg7 6. Nxc6 bxc6 7. Nc3 d6 8. Bd3 Nf6 9. O-O O-O 10. Bg5 Be6 11. Qd2 Re8 12. Bh6 Bh8 13. Rfe1 Nd7 14. Rad1 Ne5 15. b3 Qa5 16. Na4 Qxd2 17. Rxd2 c5 18. Bf1 Nc6 19. Be3 Nd4 20. Rc1 Bd7 21. Nc3 Bc6 22. f3 e6 23. Ne2 e5 24. Nc3 a5 25. Nd5 Bxd5 26. cxd5 a4 27. Bxd4 exd4 28. Bb5 Reb8 29. Bxa4 Bg7 30. Bc6 Ra3 31. Ba4 Bh6 32. Rcc2 Bxd2 33. Rxd2 Kg7 34. Kf1 c4 35. Rxd4 cxb3 36. axb3 Ra2 37. Kg1 Rc8 38. Rd1 Rcc2 39. g3 Rg2+ 40. Kf1 Rxh2 41. Kg1 Rhg2+ 42. Kf1 Raf2+ 43. Ke1 Rxf3 44. Bb5 Rgxg3 45. Bc4 Re3+ 46. Kd2 Rxe4 47. Rc1 h5 48. b4 h4 49. b5 h3 50. b6 h2 51. Bd3 Re8 52. b7 Rb8 53. Rh1 Rxb7 54. Rxh2 Rb2+ 0-1


[Site "https://www.chess.com"]

[Event "Titled Tuesday Blitz May 23 Late 2023"]
[White "OPQRC"]
[Black "Kev4444444444"]
[WhiteElo "2544"]
[BlackElo "2160"]
[Result "1-0"]
[Round "01"]
[TimeControl "180+2"]
[Date "2023.05.23"]
[WhiteClock "0:01:21"]
[BlackClock "0:00:14"]

1. e4 c5 2. Nf3 d6 3. d4 cxd4 4. Nxd4 Nf6 5. Nc3 g6 6. Be3 Bg7 7. f3 O-O 8. Qd2 Nc6 9. O-O-O Bd7 10. h4 Rc8 11. h5 gxh5 12. g4 hxg4 13. Bh6 Nxd4 14. Bxg7 Kxg7 15. Qh6+ Kh8 16. Rxd4 Qa5 17. Rd5 Qb6 18. e5 Rxc3 19. bxc3 dxe5 20. Rxd7 Qe6 21. Qxf8+ Ng8 22. Rd8 f6 23. Bd3 1-0


[Site "https://www.chess.com"]

[Event "Titled Tuesday Blitz May 23 Late 2023"]
[White "ritanovikova"]
[Black "Plotnikov, Pavel"]
[BlackFideId "4170342"]
[WhiteElo "2155"]
[BlackElo "2298"]
[Result "0-1"]
[Round "01"]
[TimeControl "180+2"]
[Date "2023.05.23"]
[WhiteClock "0:00:00"]
[BlackClock "0:00:28"]

1. e4 e6 2. d4 d5 3. exd5 exd5 4. Bd3 Nf6 5. Nf3 Be7 6. O-O O-O 7. Ne5 b6 8. c3 c5 9. dxc5 bxc5 10. Bg5 Bb7 11. Nd2 h6 12. Bh4 Nbd7 13. Ndf3 Ne4 14. Bxe7 Qxe7 15. Nxd7 Rfe8 16. Nde5 Rad8 17. Ng4 f5 18. Ne3 f4 19. Nc2 g5 20. Re1 g4 21. Nd2 Qg5 22. f3 Nf6 23. fxg4 Nxg4 24. Nf3 Qg7 25. Qd2 d4 26. Kh1 Ne3 27. Nxe3 dxe3 28. Bc4+ Kh8 29. Qe2 Rd6 30. Rad1 Rg6 31. Bd5 Bc8 32. Rg1 h5 33. Nh4 Rg4 34. Nf3 Bf5 35. Bb3 Be4 36. Bc2 Ba8 37. Rd6 h4 38. h3 Rg3 39. Rgd1 Bxf3 40. Qd3 Bxg2+ 41. Kh2 Rxh3+ 0-1


[Site "https://www.chess.com"]